A- - U25
WENATCHEE CHIEFS @ EVERETT AQUASOX
09/26/2052
 
TOP OF THE 1ST
Mexico City Diablos Rojos batting - Pitching for Quintana Roo Kangas : RHP Dave de Burgh
Pitching: RHP Dave de Burgh
Batting: RHB Colton Johnson 0-0: Ground out 6-3 (Groundball, 6, EV 90.6 MPH)
Batting: LHB Sergio Velez 0-0: Called Strike
0-1: Ball
1-1: Called Strike
1-2: Fly out, F6 (Popup, 6S, EV 77.5 MPH)
Batting: RHB Ted Harris 0-0: Swinging Strike
0-1: Called Strike
0-2: Strikes out looking
Top of the 1st over - 0 runs, 0 hits, 0 errors, 0 left on base; Mexico City 0 - Quintana Roo 0
BOTTOM OF THE 1ST
Quintana Roo Kangas batting - Pitching for Mexico City Diablos Rojos : RHP Jamison Falcone
Pitching: RHP Jamison Falcone
Batting: SHB Dean Schultz 0-0: Ball
1-0: Ground out 6-3 (Groundball, 4M, EV 97.5 MPH)
Batting: RHB Johnny Febus 0-0: Ball
1-0: Swinging Strike
1-1: Ball
2-1: Ground out 4-3 (Groundball, 4, EV 80.6 MPH)
Batting: RHB Jeh Izambard 0-0: Called Strike
0-1: Ball
1-1: Ball
2-1: Fly out, F3 (Popup, 3L, EV 66.3 MPH)
Bottom of the 1st over - 0 runs, 0 hits, 0 errors, 0 left on base; Mexico City 0 - Quintana Roo 0
TOP OF THE 2ND
Mexico City Diablos Rojos batting - Pitching for Quintana Roo Kangas : RHP Dave de Burgh
Batting: LHB Jeremiah West 0-0: Ball
1-0: Foul Ball, location: 2F
1-1: Ball
2-1: Foul Ball, location: 25F
2-2: Fly out, F9 (Flyball, 9, EV 90.6 MPH)
Batting: LHB Jake Witherspoon 0-0: Called Strike
0-1: Called Strike
0-2: Ball
1-2: Ball
2-2: Ground out U3 (Groundball, 3L, EV 83.1 MPH)
Batting: SHB Don Glynn 0-0: Called Strike
0-1: Ball
1-1: Called Strike
1-2: Ball
2-2: Foul Ball, location: 2F
2-2: Ball
3-2: Base on Balls
Batting: RHB Ollie Pryor 0-0: Ball
1-0: Ball
2-0: Called Strike
2-1: Called Strike
2-2: Strikes out looking
Top of the 2nd over - 0 runs, 0 hits, 0 errors, 1 left on base; Mexico City 0 - Quintana Roo 0
BOTTOM OF THE 2ND
Quintana Roo Kangas batting - Pitching for Mexico City Diablos Rojos : RHP Jamison Falcone
Batting: LHB Whit Windt 0-0: Called Strike
0-1: Fly out, F7 (Flyball, 7, EV 95.6 MPH)
Batting: RHB Kai Wasilewski 0-0: Foul Ball, location: 2F
0-1: Ball
1-1: Ball
2-1: Ball
3-1: Fly out, F7 (Line Drive, 78M, EV 99.4 MPH)
Batting: RHB Sydney Cislo 0-0: Swinging Strike
0-1: Ground out 1-3 (Groundball, 13S, EV 67.5 MPH)
Bottom of the 2nd over - 0 runs, 0 hits, 0 errors, 0 left on base; Mexico City 0 - Quintana Roo 0
TOP OF THE 3RD
Mexico City Diablos Rojos batting - Pitching for Quintana Roo Kangas : RHP Dave de Burgh
Batting: RHB Aiden Wilkinson 0-0: Swinging Strike
0-1: Ball
1-1: Foul Ball, location: 25FF
1-2: Strikes out looking
Batting: RHB Austin Nelson 0-0: Foul Ball, location: 2F
0-1: Ball
1-1: Ball
2-1: Fly out, F9 (Flyball, 9, EV 86.3 MPH)
Batting: RHB Colton Johnson 0-0: Called Strike
0-1: Foul Ball, location: 9LDF
0-2: Fly out, F9 (Flyball, 9, EV 91.9 MPH)
Top of the 3rd over - 0 runs, 0 hits, 0 errors, 0 left on base; Mexico City 0 - Quintana Roo 0
BOTTOM OF THE 3RD
Quintana Roo Kangas batting - Pitching for Mexico City Diablos Rojos : RHP Jamison Falcone
Batting: RHB Scotty Dang 0-0: Foul Ball, location: 5FF
0-1: Foul Ball, location: 9LMF
0-2: Hit by Pitch
Batting: SHB Vlad Velarde 0-0: Swinging Strike
0-1: Swinging Strike
0-2: Foul Ball, location: 5F
0-2: Ball
1-2: Foul Ball, location: 7LSF
1-2: Fly out, F7 (Flyball, 7LD, EV 98.1 MPH)
Batting: RHB Yadier Roque 0-0: SINGLE (Flyball, 5D, EV 92.5 MPH)
Scotty Dang to second
Batting: SHB Dean Schultz 0-0: Swinging Strike
0-1: Fly out, F7 (Flyball, 7D, EV 93.8 MPH)
Runner from 2nd tags up, SAFE at 3rd, no throw by LF
Batting: RHB Johnny Febus 0-0: Ball
1-0: Foul Ball, location: 2F
1-1: Fielders Choice at 2nd, U6 (Groundball, 6M, EV 90.6 MPH)
Bottom of the 3rd over - 0 runs, 1 hit, 0 errors, 2 left on base; Mexico City 0 - Quintana Roo 0
TOP OF THE 4TH
Mexico City Diablos Rojos batting - Pitching for Quintana Roo Kangas : RHP Dave de Burgh
Batting: LHB Sergio Velez 0-0: Ball
1-0: Ball
2-0: SOLO HOME RUN (Flyball, 9LD, EV 96.3 MPH), Distance : 351 ft
Batting: RHB Ted Harris 0-0: Called Strike
0-1: Called Strike
0-2: Foul Ball, location: 5F
0-2: Ball
1-2: Ball
2-2: Strikes out swinging
Batting: LHB Jeremiah West 0-0: SINGLE (Line Drive, 4MD, EV 100.6 MPH)
Batting: LHB Jake Witherspoon 0-0: Ball
1-0: Ball
2-0: SINGLE (Line Drive, 89S, EV 90.6 MPH)
Jeremiah West to second
Batting: SHB Don Glynn 0-0: Foul Ball, location: 3F
0-1: Foul Ball, location: 2RF
0-2: Fielders Choice at 2nd, 4-6 (Groundball, 4, EV 87.5 MPH)
Jeremiah West to third
Batting: RHB Ollie Pryor 0-0: Foul Ball, location: 23F
0-1: Foul Ball, location: 2F
0-2: Fly out, F4 (Popup, 4S, EV 77.5 MPH)
Top of the 4th over - 1 run, 3 hits, 0 errors, 2 left on base; Mexico City 1 - Quintana Roo 0
BOTTOM OF THE 4TH
Quintana Roo Kangas batting - Pitching for Mexico City Diablos Rojos : RHP Jamison Falcone
Batting: RHB Jeh Izambard 0-0: Foul Ball, location: 2F
0-1: Ball
1-1: Fly out, F7 (Flyball, 7D, EV 97.5 MPH)
Batting: LHB Whit Windt 0-0: Fly out, F5 (Popup, 25F, EV 85.0 MPH)
Batting: RHB Kai Wasilewski 0-0: Ball
1-0: TRIPLE (Flyball, 8LXD, EV 106.9 MPH)
Batting: RHB Sydney Cislo 0-0: Ball
1-0: Ball
2-0: SINGLE (Groundball, 56D, EV 94.4 MPH)
Kai Wasilewski scores
Batting: RHB Scotty Dang 0-0: Ball
1-0: Swinging Strike
1-1: Ball
2-1: Ball
3-1: Base on Balls
Sydney Cislo to second
Batting: SHB Vlad Velarde 0-0: SINGLE (Groundball, 34D, EV 103.1 MPH) (infield hit)
Sydney Cislo to third
Scotty Dang to second
Batting: RHB Yadier Roque 0-0: Ball
1-0: Ground out 6-3 (Groundball, 6S, EV 86.3 MPH)
Bottom of the 4th over - 1 run, 3 hits, 0 errors, 3 left on base; Mexico City 1 - Quintana Roo 1
TOP OF THE 5TH
Mexico City Diablos Rojos batting - Pitching for Quintana Roo Kangas : RHP Dave de Burgh
Batting: RHB Aiden Wilkinson 0-0: Ball
1-0: Called Strike
1-1: Foul Ball, location: 23F
1-2: Foul Ball, location: 2F
1-2: SINGLE (Line Drive, 6D, EV 110.0 MPH)
Batting: RHB Austin Nelson 0-0: Ball
1-0: Ball
2-0: Sac Bunt to 5S - play at first, batter OUT! 5-3
Aiden Wilkinson to second
Batting: RHB Colton Johnson 0-0: Ball
1-0: Foul Ball, location: 23F
1-1: Foul Ball, location: 3F
1-2: Ball
2-2: Foul Ball, location: 3F
2-2: Ground out 6-3 (Groundball, 6, EV 80.0 MPH)
Batting: LHB Sergio Velez 0-0: Called Strike
0-1: Ball
1-1: Ball
2-1: Ball
3-1: Called Strike
3-2: Strikes out swinging
Top of the 5th over - 0 runs, 1 hit, 0 errors, 1 left on base; Mexico City 1 - Quintana Roo 1
BOTTOM OF THE 5TH
Quintana Roo Kangas batting - Pitching for Mexico City Diablos Rojos : RHP Jamison Falcone
Batting: SHB Dean Schultz 0-0: Foul Ball, location: 9LDF
0-1: Fly out, F2 (Popup, 2LF, EV 90.0 MPH)
Batting: RHB Johnny Febus 0-0: Called Strike
0-1: Swinging Strike
0-2: Ball
1-2: DOUBLE (Flyball, 8LXD, EV 110.6 MPH)
Batting: RHB Jeh Izambard 0-0: Ball
1-0: SINGLE (Groundball, 4M, EV 103.8 MPH) (infield hit)
Johnny Febus to third
Batting: LHB Whit Windt 0-0: Called Strike
0-1: Ball
1-1: Ball
Jeh Izambard steals 2nd base
2-1: Ball
3-1: Called Strike
3-2: Strikes out swinging
Batting: RHB Kai Wasilewski 0-0: SINGLE (Groundball, 13S, EV 68.8 MPH) (infield hit)
Johnny Febus scores
Jeh Izambard to third
Batting: RHB Sydney Cislo 0-0: Ball
1-0: SINGLE (Flyball, 4MD, EV 85.6 MPH)
Jeh Izambard scores
Kai Wasilewski to second
Runner from 2nd tries for 3rd, SAFE, throw by CF made to third
Batting: RHB Scotty Dang 0-0: Called Strike
0-1: Foul Ball, location: 2F
0-2: SINGLE (Groundball, 6MD, EV 96.9 MPH)
Kai Wasilewski scores
Sydney Cislo to second
Batting: SHB Vlad Velarde 0-0: Called Strike
0-1: Called Strike
0-2: SINGLE (Groundball, 56D, EV 109.4 MPH)
Sydney Cislo to third
Scotty Dang to second
Runner from 3rd tries for Home, SAFE, throw by LF to home
Pitching: LHP Jim Reed
Batting: RHB Yadier Roque 0-0: Ball
1-0: Foul Ball, location: 23F
1-1: Called Strike
1-2: Fly out, F8 (Flyball, 8RM, EV 95.6 MPH)
Bottom of the 5th over - 4 runs, 6 hits, 0 errors, 2 left on base; Mexico City 1 - Quintana Roo 5
TOP OF THE 6TH
Mexico City Diablos Rojos batting - Pitching for Quintana Roo Kangas : RHP Dave de Burgh
Batting: RHB Ted Harris 0-0: Foul Ball, location: 2F
0-1: Ball
1-1: Foul Ball, location: 2F
1-2: Strikes out swinging
Batting: LHB Jeremiah West 0-0: SINGLE (Groundball, P, EV 86.3 MPH) (infield hit)
Batting: LHB Jake Witherspoon 0-0: Ball
1-0: Ball
2-0: Foul Ball, location: 7LMF
2-1: Called Strike
2-2: Strikes out swinging
Batting: SHB Don Glynn 0-0: Ball
1-0: Foul Ball, location: 3DF
1-1: Called Strike
1-2: Ball
2-2: Foul Ball, location: 2F
2-2: Strikes out looking
Top of the 6th over - 0 runs, 1 hit, 0 errors, 1 left on base; Mexico City 1 - Quintana Roo 5
BOTTOM OF THE 6TH
Quintana Roo Kangas batting - Pitching for Mexico City Diablos Rojos : LHP Jim Reed
Batting: SHB Dean Schultz 0-0: Foul Ball, location: 9LDF
0-1: Called Strike
0-2: Ball
1-2: Ball
2-2: Foul Ball, location: 25F
2-2: SINGLE (Groundball, 34D, EV 103.8 MPH)
Batting: RHB Johnny Febus 0-0: Fly out, F8 (Line Drive, 89S, EV 85.0 MPH)
Batting: RHB Jeh Izambard 0-0: Ball
1-0: Called Strike
1-1: Ball
2-1: Ball
3-1: SINGLE (Groundball, 6MD, EV 103.8 MPH)
Dean Schultz to second
Batting: LHB Whit Windt 0-0: Foul Ball, location: 9LDF
0-1: Called Strike
0-2: Ball
1-2: Fielders Choice at 2nd, 3-6 (Groundball, 34, EV 91.3 MPH)
Dean Schultz to third
Batting: RHB Kai Wasilewski 0-0: Ball
1-0: Ball
2-0: Fielders Choice at 2nd, 5-4 (Groundball, 56, EV 90.0 MPH)
Bottom of the 6th over - 0 runs, 2 hits, 0 errors, 2 left on base; Mexico City 1 - Quintana Roo 5
TOP OF THE 7TH
Mexico City Diablos Rojos batting - Pitching for Quintana Roo Kangas : RHP Dave de Burgh
Batting: RHB Ollie Pryor 0-0: Ball
1-0: Ground out 1-3 (Groundball, P, EV 66.3 MPH)
Pinch Hitting: LHB Jeffrey Woodard 0-0: Called Strike
0-1: Ball
1-1: Ball
2-1: Swinging Strike
2-2: Fly out, F5 (Popup, 6S, EV 78.8 MPH)
Batting: RHB Austin Nelson 0-0: Ball
1-0: Foul Ball, location: 5F
1-1: Ball
2-1: Ball
3-1: Ground out 4-3 (Groundball, 4, EV 91.9 MPH)
Top of the 7th over - 0 runs, 0 hits, 0 errors, 0 left on base; Mexico City 1 - Quintana Roo 5
BOTTOM OF THE 7TH
Quintana Roo Kangas batting - Pitching for Mexico City Diablos Rojos : LHP Jim Reed
Now at 1B: Jeffrey Woodard
Now in RF: Jeremiah West
Batting: RHB Sydney Cislo 0-0: Foul Ball, location: 2F
0-1: Ball
1-1: SINGLE (Line Drive, 4M, EV 103.8 MPH)
Batting: RHB Scotty Dang 0-0: Ball
1-0: Swinging Strike
1-1: Swinging Strike
1-2: Strikes out looking
Batting: SHB Vlad Velarde 0-0: Ball
1-0: Ball
2-0: Grounds into double play, 4-6-3 (Groundball, 4S, EV 86.9 MPH)
Bottom of the 7th over - 0 runs, 1 hit, 0 errors, 0 left on base; Mexico City 1 - Quintana Roo 5
TOP OF THE 8TH
Mexico City Diablos Rojos batting - Pitching for Quintana Roo Kangas : RHP Dave de Burgh
Pitching: RHP Woody Magid
Batting: RHB Colton Johnson 0-0: Foul Ball, location: 5DF
0-1: Foul Ball, location: 25FF
0-2: Ball
1-2: SINGLE (Line Drive, 89S, EV 103.1 MPH)
Batting: LHB Sergio Velez 0-0: Swinging Strike
0-1: Ball
1-1: Ball
2-1: Called Strike
2-2: Foul Ball, location: 5FF
2-2: SINGLE (Groundball, 4MD, EV 95.6 MPH)
Colton Johnson to second
Batting: RHB Ted Harris 0-0: Swinging Strike
0-1: Ball
1-1: Called Strike
1-2: Foul Ball, location: 2F
1-2: SINGLE (Groundball, 6M, EV 109.4 MPH) (infield hit)
Colton Johnson to third
Sergio Velez to second
Batting: LHB Jeremiah West 0-0: Ball
1-0: Ball
2-0: Ball
3-0: Base on Balls
Colton Johnson scores
Sergio Velez to third
Ted Harris to second
Batting: LHB Jake Witherspoon 0-0: Foul Ball, location: 2F
0-1: Ball
1-1: DOUBLE (Line Drive, 9LD, EV 95.6 MPH)
Sergio Velez scores
Ted Harris scores
Jeremiah West to third
Batting: SHB Don Glynn 0-0: Called Strike
0-1: Ball
1-1: Fly out, F8 (Flyball, 8RXD, EV 85.6 MPH)
Runner from 3rd tags up, SCORES, no throw by CF
Pitching: RHP Kade Parker
Batting: RHB Ollie Pryor 0-0: Called Strike
0-1: Called Strike
0-2: Strikes out looking
Pitching: LHP Henry West
Batting: LHB Jeffrey Woodard 0-0: Ball
1-0: Called Strike
1-1: Swinging Strike
1-2: SINGLE (Groundball, 4D, EV 102.5 MPH)
Jake Witherspoon to third
Runner from 3rd tries for Home, SAFE, throw by CF to home
Jeffrey Woodard to second
Pitching: RHP Célio Madril
Batting: RHB Austin Nelson 0-0: Ball
1-0: Ground out 5-3 (Groundball, 56S, EV 71.9 MPH)
Top of the 8th over - 5 runs, 5 hits, 0 errors, 1 left on base; Mexico City 6 - Quintana Roo 5
BOTTOM OF THE 8TH
Quintana Roo Kangas batting - Pitching for Mexico City Diablos Rojos : LHP Jim Reed
Pitching: RHP Bay Scales
Batting: RHB Yadier Roque 0-0: Ball
1-0: Ball
2-0: Called Strike
2-1: Foul Ball, location: 2F
2-2: Strikes out swinging
Batting: SHB Dean Schultz 0-0: Ball
1-0: Called Strike
1-1: Ball
2-1: Ball
3-1: Called Strike
3-2: Strikes out looking
Batting: RHB Johnny Febus 0-0: Ball
1-0: Foul Ball, location: 9LMF
1-1: Ball
2-1: Ball
3-1: Ground out 6-3 (Groundball, 6, EV 78.1 MPH)
Bottom of the 8th over - 0 runs, 0 hits, 0 errors, 0 left on base; Mexico City 6 - Quintana Roo 5
TOP OF THE 9TH
Mexico City Diablos Rojos batting - Pitching for Quintana Roo Kangas : RHP Célio Madril
Batting: RHB Colton Johnson 0-0: Called Strike
0-1: Ball
1-1: Called Strike
1-2: Strikes out looking
Batting: LHB Sergio Velez 0-0: Ground out 4-3 (Groundball, 4, EV 110.6 MPH)
Batting: RHB Ted Harris 0-0: Ball
1-0: Swinging Strike
1-1: Ground out 6-3 (Groundball, 6, EV 85.6 MPH)
Top of the 9th over - 0 runs, 0 hits, 0 errors, 0 left on base; Mexico City 6 - Quintana Roo 5
BOTTOM OF THE 9TH
Quintana Roo Kangas batting - Pitching for Mexico City Diablos Rojos : RHP Bay Scales
Pitching: RHP Ángel Sánchez
Batting: RHB Jeh Izambard 0-0: Foul Ball, location: 2F
0-1: Fly out, F8 (Line Drive, 8LD, EV 87.5 MPH)
Batting: LHB Whit Windt 0-0: Called Strike
0-1: Foul Ball, location: 7LDF
0-2: Strikes out swinging passed ball, reaches first!
Batting: RHB Kai Wasilewski 0-0: Called Strike
0-1: Called Strike
0-2: SINGLE (Groundball, 6D, EV 103.1 MPH)
Whit Windt to second
Batting: RHB Sydney Cislo 0-0: Ball
1-0: Foul Ball, location: 2RF
1-1: Ball
2-1: Ball
3-1: Base on Balls
Whit Windt to third
Kai Wasilewski to second
Batting: RHB Scotty Dang 0-0: Fly out, F9 (Flyball, 9, EV 90.6 MPH)
Batting: SHB Vlad Velarde 0-0: Fly out, F8 (Flyball, 78M, EV 92.5 MPH)
Bottom of the 9th over - 0 runs, 1 hit, 0 errors, 3 left on base; Mexico City 6 - Quintana Roo 5
Thursday, May 9th , 2024 - OOTP Baseball 24.11 Build 85